 Dungeon Crawl Stone Soup version 0.30-b1-2-g02819fbbbe (webtiles) character file.

Game seed: 15381406678053244726

455 sanka the Cudgeller (level 7, -2/61 HPs)
             Began as a Gargoyle Cinder Acolyte on May 15, 2023.
             Was a Follower of the Shining One.
             Slain by a fire elemental (3 damage)
             ... created by the fiery vengeance of Ignis
             ... on level 4 of the Dungeon.
             The game lasted 00:05:10 (3100 turns).

sanka the Cudgeller (Gargoyle Cinder Acolyte)       Turns: 3100, Time: 00:05:13

Health: -2/61      AC: 23    Str: 20    XL:     7   Next: 5%
Magic:  10/10      EV:  2    Int: 14    God:    the Shining One [*.....]
Gold:   170        SH:  0    Dex:  5    Spells: 8/10 levels left

rFire   . . .        c - +0 flail
rCold   . . .        (no shield)
rNeg    + + .        s - melded +0 plate armour
rPois   ∞            (helmet currently unavailable)
rElec   .            (cloak currently unavailable)
rCorr   .            (gloves currently unavailable)
SInv    .            g - melded +0 pair of boots
Will    .....        p - amulet of magic regeneration
Stlth   +            t - ring of positive energy
HPRegen 0.30/turn    (no ring)
MPRegen 0.52/turn

%: no passive effects
@: tree-form, glowing, fire susceptible
A: stationary, stasis, torment immunity, boosted hp, sickness immunity, AC +4,
negative energy resistance 1, (electricity resistance), torment resistance 1,
petrification resistance
a: Renounce Religion, Divine Shield


You were on level 4 of the Dungeon.
You worshipped the Shining One.
The Shining One was aware of your devotion.
You were a tree.
You visited 1 branch of the dungeon, and saw 4 of its levels.

You collected 170 gold pieces.

Inventory:

Hand Weapons
 a - a -1 mace of flaming
 c - a +0 flail (weapon)
Armour
 b - a +0 robe
 g - a +0 pair of boots (melded)
 s - a +0 plate armour (melded)
Jewellery
 p - an amulet of magic regeneration (around neck)
 t - a ring of positive energy (left branch)
Scrolls
 d - a scroll of teleportation {unknown}
 f - a scroll of blinking {unknown}
 i - 5 scrolls of identify {unknown}
 j - a scroll of amnesia {unknown}
 l - a scroll of fear {unknown}
 m - 2 scrolls of poison {unknown}
 o - a scroll of magic mapping {unknown}
Potions
 e - 2 potions of curing {unknown}
 h - 2 potions of lignification {!q}
 k - a potion of might {unknown}
 n - a potion of brilliance {unknown}
 q - a potion of flight {unknown}
 r - a potion of heal wounds {unknown}


   Skills:
 - Level 3.2 Fighting
 + Level 6.2 Maces & Flails
 - Level 2.0 Spellcasting
 - Level 5.0 Fire Magic


You had 8 spell levels left.
You knew the following spells:

 Your Spells              Type           Power      Damage    Failure   Level
a - Scorch                Fire           30%        2d6       4%          2

Your spell library contained the following spells:

 Spells                   Type           Power      Damage    Failure   Level
 Apportation              Tloc           2%         N/A       24%         1
 Magic Dart               Conj           4%         1d3       24%         1
 Necrotise                Necr           4%         1d4       24%         1
 Summon Small Mammal      Summ           4%         N/A       24%         1
 Volatile Blastmotes      Fire/Tloc      16%        2d11      26%         3
 Call Imp                 Summ           2%         N/A       34%         2
 Dazzling Flash           Conj/Hex       2%         N/A       56%         3
 Mephitic Cloud           Conj/Pois/Air  1%         N/A       56%         3
 Iskenderun's Mystic Bla  Conj/Tloc      1%         2d3       93%         4
 Starburst                Conj/Fire      4%         6d3       100%        6


Dungeon Overview and Level Annotations

Branches:
Dungeon (4/15)
 Temple: D:4-7

Altars:
Nemelex Xobeh
The Shining One

Shops:
D:4 [


Innate Abilities, Weirdness & Mutations

You are a tree.
Your roots penetrate the ground, keeping you stationary.
You cannot be teleported.
You are immune to unholy pain and torment.
Your maximum health is greatly increased.
Your equipment is partially melded.
You are immune to sickness and miasma.
((Your stone body is resilient. (AC +4)))
You are immune to poison.
You resist negative energy. (rN+)
((You are resistant to electric shocks. (rElec)))
You are resistant to unholy torment.
You are immune to petrification.


Message History

You sock the scorpion!
You kill the scorpion!
Your Maces & Flails skill increases to level 6!
You have reached level 7!
You see here a scorpion corpse.
Unknown command.
You start resting.
HP restored.
Unknown command.
Unknown command.
i - 5 scrolls labelled YPRETUTOSE (gained 1) "Burn!
Burn until nothing is left!" 3 fire elementals come into view.
You hit the fire elemental.
The fire elemental is lightly damaged.
You hit the fire elemental.
The fire elemental is lightly damaged.
The fire elemental barely misses you.
You closely miss the fire elemental.
The fire elemental is lightly damaged.
The fire elemental barely misses you. The fire elemental hits you.
The fire elemental burns you!
Unknown command.
Unknown command.
You barely miss the fire elemental.
The fire elemental is lightly damaged.
The fire elemental hits you. The fire elemental burns you!
The fire elemental hits you. The fire elemental burns you!
The fire elemental hits you. The fire elemental burns you!
The fire elemental hits you. The fire elemental burns you!
* * * LOW HITPOINT WARNING * * *
Okay, then.
It was a potion of lignification.
You turn into a tree.
Your +0 pair of boots melds into your body.
Your +0 plate armour melds into your body.
Your roots penetrate the ground.
The fire elemental hits you. The fire elemental burns you!
* * * LOW HITPOINT WARNING * * *
The fire elemental hits you. The fire elemental burns you!
You die...

#.#.# #..# #.# #.#.#
#..# #.# #####.#.#
#..# #.# ......#.#
#..## #†# .###....#
#...# #.# .###.####
##..###.# .##.#.##
#.E°...# ...###.#
##E##..# .##.#..##
#♣##>.# .# #....##
#E##..# .###.....####
#.##..# ............#
#.##..#
####.....##.^........#
# #........###.......
# ###.####.# ..# # #>#
# #..# # #.#


You could see 3 fire elementals.

Vanquished Creatures
  An ogre (D:4)
  A scorpion (D:4)
  A vampire bat (D:3)
  An orc priest (D:3)
  An orc wizard (D:3)
  6 adders
  2 worms
  2 dart slugs
  3 fire bats (D:3)
  4 orcs
  2 spectral bats (D:3)
  4 ball pythons
  12 bats
  A bat simulacrum (D:3)
  3 bat skeletons (D:3)
  A bat zombie (D:3)
  12 endoplasms
  3 giant cockroaches
  4 goblins
  A hobgoblin (D:1)
  4 jackals
  3 quokkas
  3 frilled lizards
  5 kobolds
  6 rats
86 creatures vanquished.

Notes
Turn   | Place    | Note
-------+----------+-------------------------------------------
     0 | D:1      | sanka the Gargoyle Cinder Acolyte began the quest for the
                  | Orb.
     0 | D:1      | Reached XP level 1. HP: 14/14 MP: 2/2
     6 | D:1      | Noticed a polar bear
     6 | D:1      | Noticed a wyvern
     7 | D:1      | Noticed a hog
   268 | D:1      | Reached XP level 2. HP: 19/19 MP: 3/3
   326 | D:1      | Found a faded altar of an unknown god.
   326 | D:1      | Noticed an eye of devastation
   330 | D:1      | Noticed an eye of devastation
   330 | D:1      | Noticed a golden eye
   330 | D:1      | Noticed an eye of devastation
   908 | D:1      | Reached XP level 3. HP: 21/23 MP: 4/4
  1042 | D:2      | Learned a level 2 spell: Scorch
  1348 | D:2      | Reached XP level 4. HP: 21/28 MP: 1/6
  1447 | D:2      | Found a glowing golden altar of the Shining One.
  1479 | D:2      | Fell from the grace of Ignis
  1479 | D:2      | Became a worshipper of the Shining One
  1753 | D:2      | You fall into a shaft and drop 2 floors!
  1787 | D:4      | Found Toiluozi's Antique Armour Shoppe.
  1875 | D:3      | Reached skill level 5 in Fire Magic
  2094 | D:3      | Reached XP level 5. HP: 32/32 MP: 8/8
  2148 | D:3      | Reached skill level 4 in Maces & Flails
  2299 | D:3      | Reached XP level 6. HP: 37/37 MP: 9/9
  2675 | D:4      | Reached * piety under the Shining One
  2683 | D:3      | Reached skill level 5 in Maces & Flails
  2951 | D:4      | Found a sparkling altar of Nemelex Xobeh.
  3033 | D:4      | Reached skill level 6 in Maces & Flails
  3033 | D:4      | Reached XP level 7. HP: 29/41 MP: 10/10
  3096 | D:4      | Noticed a fire elemental
  3096 | D:4      | Noticed a fire elemental
  3096 | D:4      | Noticed a fire elemental
  3100 | D:4      | HP: 1/61 [fire elemental[the fiery vengeance of Ignis] (5)]
  3100 | D:4      | Slain by a fire elemental

Illustrated notes

Levels and vault maps discovered:
D:1:      onia_arrival_zoo_common, layout_basic,
          hellmonk_ecumenical_altar_watching_god, minmay_misc_feat_doors,
          nrook_mini_vaults, minmay_close_crescents
D:2:      layout_basic, basic_altar
D:3:      layout_loops_ring, goddamned_bats
D:4:      layout_loops_ring, nemelex_dance_club_becter, serial_shops, shop

Skill      XL: |  1  2  3  4  5  6 |
---------------+-------------------+-----
Fire Magic     | 4 5 |  5.0
Spellcasting   | 2 |  2.0
Maces & Flails | 4 6 |  6.2
Fighting       | |  3.2

Action                     |  1- 3 |  4- 6 |  7- 9 || total
---------------------------+-------+-------+-------++-------
  Melee: Flail             |    93 |   216 |     4 ||   313
         Mace              |     1 |       |       ||     1
         Punch             |     1 |     1 |       ||     2
   Cast: Scorch            |     2 |     4 |       ||     6
    Use: Potion            |       |       |     1 ||     1
 Armour: Robe              |    42 |   143 |       ||   185
         Plate armour      |       |    27 |     4 ||    31
         Skin              |       |       |     2 ||     2
  Dodge: Dodged            |    62 |   205 |     2 ||   269
